 Dungeon Crawl Stone Soup version 0.23-a0-644-gb60d84b (webtiles) character file.

396 Borgoz the Ruffian (level 6, -5/50 HPs)
             Began as a Ghoul Gladiator on Jan 1, 2019.
             Killed by divine providence
             ... invoked by an orc priest
              (10 damage)
             ... on level 4 of the Dungeon.
             The game lasted 00:03:27 (2068 turns).

Borgoz the Ruffian (Ghoul Gladiator)                Turns: 2068, Time: 00:03:27

Health: -5/50      AC:  4    Str: 18    XL:     6   Next: 82%
Magic:  5/5        EV: 13    Int:  3    God:
Gold:   109        SH:  0    Dex: 12    Spells: 5/5 levels left

rFire    . . .     SeeInvis .     - Unarmed
rCold    + . .     Gourm    .   (no shield)
rNeg     + + +     Faith    .   a - +0 leather armour
rPois    ∞         Spirit   .   b - +0 helmet
rElec    .         Reflect  .   (no cloak)
rCorr    .         Harm     .   (no gloves)
MR       .....                  (no boots)
Stlth    +.........             (no amulet)
HPRegen  0.00/turn              (no ring)
MPRegen  0.09/turn              (no ring)

@: rotting
A: rotting body, claws 1, carnivore, cold resistance 1, negative energy
resistance 3, inhibited regeneration, torment resistance, unbreathing
a: no special abilities


You were on level 4 of the Dungeon.
You were not hungry.

You visited 1 branch of the dungeon, and saw 5 of its levels.

You collected 109 gold pieces.

Inventory:

Missiles
 c - 3 throwing nets (quivered)
Armour
 a - a +0 leather armour (worn)
 b - a +0 helmet (worn)
Jewellery
 m - a cursed -3 ring of intelligence {unknown}
Wands
 p - a wand of digging (3)
 r - a wand of polymorph (10)
Scrolls
 e - 3 scrolls of teleportation {unknown}
 g - 5 scrolls of identify {unknown}
 h - 2 scrolls of noise {unknown}
 i - 5 scrolls of remove curse {unknown}
 j - a scroll of immolation {unknown}
 o - a scroll of enchant armour {unknown}
Potions
 k - a potion of flight
 l - a potion of heal wounds
 n - a potion of resistance {unknown}
 q - a potion of invisibility {unknown}
Comestibles
 d - 5 rations
 f - 3 chunks of flesh


   Skills:
 + Level 2.7 Fighting
 - Level 1.7 Throwing
 + Level 2.6 Armour
 + Level 3.7 Dodging
 + Level 6.3 Unarmed Combat


You had 5 spell levels left.
You didn't know any spells.
Your spell library was empty.

Dungeon Overview and Level Annotations

Branches:
Dungeon (5/15)
 Temple: D:4-7

Altars:
Zin

Shops:
D:5 }

Annotations:
D:4 Eustachio


Innate Abilities, Weirdness & Mutations

Your body is rotting away.
You thrive on raw meat.
You are immune to poison.
You have sharp fingernails.
You are carnivorous and can eat meat at any time.
Your flesh is cold resistant. (rC+)
You are immune to negative energy. (rN+++)
You do not regenerate when monsters are visible.
You are immune to unholy pain and torment.
You can survive without breathing.


Message History

The orc priest mumbles some strange prayers to Beogh against you.
Beogh smites you!
* * * LOW HITPOINT WARNING * * *
You closely miss the orc priest.
The orc priest is heavily wounded.
The orc priest hits you but does no damage.
You scratch the orc priest but do no damage.
The orc priest is heavily wounded.
The orc priest hits you with a +0 trident!
* * * LOW HITPOINT WARNING * * *
You barely miss the orc priest.
The orc priest is heavily wounded.
You scratch the orc priest.
The orc priest is severely wounded.
The orc priest looks braver for a moment.
You closely miss the orc priest.
The orc priest is severely wounded.
The orc priest invokes the aid of Beogh against you.
Beogh smites you!
You die...

##### #...# #...#
#...# ##### #...#
.....# #...#
......##.o.########
.......#..@>[......
...o...#...........
..o................
...$...#...........
.......##.#.#.#####
....... .......#
###
.......<.......##
#..
.......##.......#
#.# .......
#.###...###### ##.#


You could see an orc priest.

Vanquished Creatures
  An ogre (D:4)
  A howler monkey (D:4)
  4 orc wizards
  An orc priest (D:4)
  2 worker ants (D:5)
  2 adders
  A shadow imp (D:5)
  3 worms
  2 dart slugs
  3 leopard geckos
  8 orcs
  4 bats
  3 giant cockroaches
  6 goblins
  6 hobgoblins
  6 kobolds
  A quokka (D:3)
  A ball python (D:3)
  4 frilled lizards
  6 rats
65 creatures vanquished.

Notes
Turn   | Place    | Note
-------+----------+-------------------------------------------
     0 | D:1      | Borgoz the Ghoul Gladiator began the quest for the Orb.
     0 | D:1      | Reached XP level 1. HP: 17/17 MP: 0/0
    97 | D:1      | Reached XP level 2. HP: 24/24 MP: 1/1
   664 | D:2      | Reached XP level 3. HP: 27/30 MP: 2/2
   695 | D:2      | Reached skill level 4 in Unarmed Combat
  1368 | D:3      | Reached XP level 4. HP: 29/35 MP: 3/3
  1369 | D:3      | Found a glowing silver altar of Zin.
  1549 | D:3      | Reached skill level 1 in Armour
  1789 | D:4      | Reached skill level 5 in Unarmed Combat
  1789 | D:4      | Reached XP level 5. HP: 17/41 MP: 4/4
  1843 | D:4      | Noticed an ogre
  1858 | D:4      | Killed an ogre
  1858 | D:4      | Reached XP level 6. HP: 38/50 MP: 5/5
  1876 | D:4      | Noticed Eustachio
  1881 | D:5      | Entered Level 5 of the Dungeon
  1904 | D:5      | Found Luxim's Gadget Emporium.
  1915 | D:5      | Reached skill level 6 in Unarmed Combat
  1992 | D:5      | Found a glowing silver altar of Zin.
  2068 | D:4      | Killed from afar by an orc priest

Vault maps used:
D:1:      giann_wishing_wells
D:3:      marbit_many_paths
D:4:      first_ration, uniq_eustachio, uniq_edmund
D:5:      minmay_temple_entry_poolview, basic_altar, serial_shops,
          kennysheep_mini, grunt_ministairs_11, st_stairs_5,
          fedhas_altar_fruit_tree

Skill      XL: |  1  2  3  4  5  6 |
---------------+-------------------+-----
Dodging        | 3 |  3.7
Unarmed Combat | 4 5 6 |  6.3
Armour         | 1 2 |  2.6
Fighting       | |  2.7
Throwing       | |  1.7

Action                   |  1- 3 |  4- 6 || total
-------------------------+-------+-------++-------
Melee: Unarmed           |   111 |   126 ||   237
       Punch             |     2 |     2 ||     4
  Use: Potion            |       |     4 ||     4
  Eat: Chunk             |     6 |     9 ||    15
Armor: Leather armour    |    34 |    37 ||    71
Dodge: Dodged            |    77 |    61 ||   138

Table legend:
 A = Non-vault XP
 B = Vault XP
 C = Vault XP percentage of total XP
 D = Non-vault monster count
 E = Vault monster count
 F = Vault count percentage of total count
                 A         B        C        D         E       F
            +---------+---------+-------+---------+---------+-------
      Total |     562 |       4 |   0.7 |      64 |       1 |   1.5
            +---------+---------+-------+---------+---------+-------
        D:1 |      33 |       0 |   0.0 |      19 |       0 |   0.0
        D:2 |      41 |       0 |   0.0 |      14 |       0 |   0.0
        D:3 |      16 |       4 |  20.0 |       9 |       1 |  10.0
        D:4 |     347 |       0 |   0.0 |      15 |       0 |   0.0
        D:5 |     125 |       0 |   0.0 |       7 |       0 |   0.0
            +---------+---------+-------+---------+---------+-------
